Unix xNetHack Version 7.1.0 - last build May 27 2022 02:01:18 (40ddc3af3caeb211f83a4e7a6471a44cedb5a298). Game began 2022-06-02 10:08:48, ended 2022-06-02 10:35:49. Concrete, lawful female dwarven Cavewoman --------..| .@........-------- .s-------........--- ... -------...---.. ---..<... ------- Concrete the Aborigine St:18/02 Dx:14 Co:16 In:7 Wi:8 Ch:10 Lawful S:1174 Dlvl:7 $:4 HP:0(44) Pw:10(10) AC:7 Xp:5/215 T:1710 Latest messages: u - a food ration (unpaid, 60 zorkmids) {20}. A food ration {20} for 60 zorkmids. Pay? [yn] (n) y You bought a food ration {20} for 60 gold pieces. "Thank you for shopping in Pameunpeuk's delicatessen!" You hear a door open. You see here a food ration (for sale, 60 zorkmids). You see here a food ration (for sale, 60 zorkmids). You see here a small mimic corpse (for sale, 7 zorkmids). "Hello, Concrete! Welcome to Izchak's lighting store!" You see here a candle (for sale, 13 zorkmids). You stop. Izchak is in the way! You swap places with the peaceful watch captain. Double m prefix, canceled. Double m prefix, canceled. The door opens. This door is locked. This door is locked. You swap places with the peaceful watch captain. You swap places with the peaceful watch captain. Where do you want to travel to? (For instructions type a '?') You swap places with the peaceful watch captain. You swap places with the peaceful watchman. You hear Akranes cursing shoplifters. You descend the stairs. You hear some noises. You hear some noises in the distance. You move right into the giant spider. The giant spider bites! You pound the giant spider! The giant spider bites! You miss the giant spider. The giant spider bites! You miss the giant spider. The giant spider bites! You whack the giant spider! The giant spider bites! You smack the giant spider! The giant spider bites! You miss the giant spider. The giant spider bites! The giant spider bites! What do you want to drink? [gst or ?*] ? You are suddenly moving much faster. Your quickness feels very natural. The giant spider bites! You die... Do you want your possessions identified? [ynq] (y) y Do you want to see your attributes? [ynq] (y) n Do you want an account of creatures vanquished? [ynaq] (y) q Major events: Turn 1: Concrete the lawful dwarven Cavewoman entered the dungeon 326: attained the rank of Aborigine (level 3) 808: entered the Gnomish Mines 1387: reached Mine Town 1710: killed by a giant spider Inventory: Inventory: 349/925 weight (14/52 slots) Coins $ - 4 gold pieces {1} Weapons b - a +2 sling (alternate weapon; not wielded) {3} a - a +1 club (weapon in hand) {30} Armor f - an uncursed +0 orcish helm (being worn) {23} d - an uncursed +0 leather light armor (being worn) {113} Comestibles u - an uncursed food ration {20} p - 2 uncursed tins of broiled jackal meat {20} Scrolls e - an uncursed scroll of fire {5} k - a cursed scroll of teleportation {5} Potions g - an uncursed potion of acid {20} s - an uncursed potion of sleeping {20} Rings q - a cursed ring of hunger {3} Tools j - a cursed mirror {13} r - an uncursed tin opener {4} Gems/Stones c - 35 uncursed flint stones (in quiver pouch) {70} Concrete the Cavewoman's attributes: Background: You were an Aborigine, a level 5 dwarven Cavewoman. You were lawful, nominally on a mission for Anu who was opposed by Ishtar (neutral) and Anshar (chaotic). You were heterosexual. You were in the Gnomish Mines, on level 7. You entered the dungeon 1710 turns ago. You had 215 experience points, 105 more were needed to attain level 6. Your score was 1174 before end-of-game adjustments. Basics: You had 0 out of 44 hit points. You had all 10 energy points (spell power). Your armor class was 7. Your wallet contained 4 zorkmids. Autopickup was off. Final Characteristics: Your strength was 18/02 (limit:18/100). Your dexterity was 14 (limit:20). Your constitution was 16 (limit:20). Your intelligence was 7 (limit:16). Your wisdom was 8 (limit:16). Your charisma was 10 (limit:16). Final Status: You were not hungry. You were unencumbered. You were wielding a club. You had basic skill with club. Final Attributes: You were devoutly aligned. You had infravision. You were warded. You were very fast. You are dead. Miscellaneous: You never encountered a bones level. Total elapsed playing time was 26 minutes and 59 seconds. Vanquished creatures: 2 small mimics a rock piercer 3 floating eyes a homunculus 2 iguanas 2 acid blobs a giant rat 3 cave spiders a red mold 3 gnomes 2 geckos 4 jackals a kobold 3 goblins 5 grid bugs 8 lichens a kobold zombie 3 newts 46 creatures vanquished. No species were genocided or became extinct. Voluntary challenges: You followed a strict vegan diet. You were an atheist. You were illiterate. You never genocided any monsters. You never polymorphed an object. You never changed form. You never touched an artifact. You used no wishes. You never owned a pet. You never scared an enemy with impunity. You were celibate. You never generated conflict. Achievements: You attained the rank of Aborigine. You entered a shop. You entered the Gnomish Mines. You entered Minetown. The Dungeons of Doom: levels 1 to 3 Level 1: An altar, a sink, a tree. Level 2: A tree. Level 3: A delicatessen, a fountain, a grave. Stairs down to The Gnomish Mines. The Gnomish Mines: levels 4 to 7 Level 4: Level 5: Level 6: Many shops, an altar, some fountains. Level 7: <- You were here. Final resting place for you, killed by a giant spider. Game over: __________ / \ / REST \ / IN \ / PEACE \ / \ | Concrete | | 4 Au | | killed by a | | giant spider | | | | | | 2022 | *| * * * | * _________)/\\_//(\/(/\)/\//\/|_)_______ Goodbye Concrete the Cavewoman... You died in The Gnomish Mines on dungeon level 7 with 1174 points, and 4 pieces of gold, after 1710 moves. You were level 5 with a maximum of 44 hit points when you died.